AoeStats
← Señor JP

African Clearing

510363564Analyzed
4v4 RM · 19h ago on Sep 30, 2026· 53m 12s· 8 players
Game mode
Random Map
Map size
Large (8 player)
Population
200
Speed
Normal
Resources
Standard
Victory
Conquest
Starting age
Dark Age
Ending age
Imperial Age
RankedLock teamsTeams togetherTeam positionsShared explorationLock speedFull tech treeHidden civsTurbo modeCheats
Victory
Defeat
1239
+16
🇮🇳 Magyars · India
1230
+16
🇨🇳 Japanese · China
1227
+16
🇨🇴 Burgundians · Colombia
1227
+16
🇲🇽 Danes · Mexico
1264
-17
🇫🇮 Magyars · Finland
1260
-16
🇪🇸 Malay · Spain
1248
-17
🇹🇷 Franks · Türkiye
1171
-14
[T41] Indian War Lord
2:37 Loom
12:08 Feudal Age
12:37 Double-Bit Axe
14:54 Scale Barding Armor
26:52 Bloodlines
33:33 Castle Age
33:50 Light Cavalry
34:52 Chain Barding Armor
34:46 Husbandry
36:49 Wheelbarrow
42:45 Hand Cart
49:37 Imperial Age
49:38 Bow Saw
49:41 Hussar
51:59 Plate Barding Armor
wuming
3:44 Loom
14:29 Feudal Age
18:24 Castle Age
19:37 Fletching
19:48 Fishing Lines
22:01 Double-Bit Axe
24:15 Gillnets
27:25 Forging
31:40 Wheelbarrow
31:04 Town Watch
31:50 Scale Mail Armor
35:25 Chain Mail Armor
35:26 Arson
42:48 Imperial Age
41:14 Pikeman
41:54 Squires
42:49 Bow Saw
43:45 Hand Cart
44:32 Two-Man Saw
43:23 Gold Mining
43:24 Stone Mining
44:45 Conscription
44:43 Horse Collar
45:16 Elite Samurai
46:32 Hoardings
46:18 Kataparuto
46:40 Gold Shaft Mining
47:43 Bodkin Arrow
47:49 Padded Archer Armor
48:08 Thumb Ring
48:28 Parthian Tactics
48:32 Bracer
48:56 Ballistics
49:36 Chemistry
48:58 Heavy Cavalry Archer
49:24 Treadmill Crane
50:01 Leather Archer Armor
50:02 Capped Ram
52:41 Ring Archer Armor
52:48 Iron Casting
53:42 Bloodlines
53:33 Husbandry
boom n type gg noob team
4:15 Loom
14:02 Feudal Age
14:43 Double-Bit Axe
15:45 Horse Collar
18:32 Wheelbarrow
21:13 Forging
24:28 Stone Mining
24:56 Gold Mining
28:19 Castle Age
34:07 Imperial Age
33:44 Gold Shaft Mining
34:15 Bow Saw
38:45 Hand Cart
38:33 Fletching
39:57 Heavy Plow
41:56 Two-Man Saw
42:58 Iron Casting
42:43 Bodkin Arrow
43:36 Padded Archer Armor
44:12 Iron Casting
43:42 Scale Barding Armor
45:13 Parthian Tactics
44:55 Thumb Ring
45:07 Town Watch
45:24 Scale Mail Armor
45:39 Leather Archer Armor
47:14 Blast Furnace
46:42 Chain Barding Armor
46:45 Ballistics
46:35 Masonry
46:21 Murder Holes
46:37 Steppe Husbandry
47:32 Crop Rotation
47:21 Chain Mail Armor
48:59 Conscription
48:40 Cuman Mercenaries
49:16 Hoardings
48:46 Devotion
48:47 Atonement
48:57 Fervor
48:43 Herbal Medicine
49:33 Heated Shot
51:13 Ring Archer Armor
51:49 Chemistry
51:53 Careening
51:54 Clinker Construction
52:47 Plate Mail Armor
51:42 Elite Skirmisher
53:48 Plate Barding Armor
52:56 Fishing Lines
53:26 Medium Warships
52:37 Demolition Ship
52:41 Light Cavalry
53:32 Bloodlines
CyMi
6:36 Loom
12:00 Feudal Age
10:39 Double-Bit Axe
20:47 Castle Age
18:59 Bow Saw
20:17 Wheelbarrow
20:43 Fletching
20:51 Crossbowman
25:15 Bodkin Arrow
26:49 Ballistics
26:39 Stone Mining
27:38 Padded Archer Armor
28:58 Town Watch
30:35 Leather Archer Armor
33:20 Hand Cart
33:19 Cavalier
34:00 Husbandry
35:07 Two-Man Saw
33:53 Horse Collar
35:39 Scale Barding Armor
39:51 Heavy Plow
40:26 Forging
41:36 Gold Mining
45:15 Imperial Age
43:28 Chain Barding Armor
43:44 Iron Casting
43:21 Town Patrol
44:39 Gold Shaft Mining
44:50 Stone Mining
45:26 Paladin
45:34 Paladin
48:49 Iron Casting
49:21 Plate Barding Armor
50:08 Crop Rotation
51:42 Blast Furnace
50:43 Bracer
52:02 Light Cavalry
Señor JP
4:55 Loom
15:14 Feudal Age
15:09 Double-Bit Axe
15:55 Gold Mining
16:46 Fishing Lines
17:45 Horse Collar
17:58 Stone Mining
21:52 Arson
24:15 Castle Age
22:52 Padded Archer Armor
22:42 Fletching
23:31 Crossbowman
24:20 Thumb Ring
24:41 Bodkin Arrow
25:02 Leather Archer Armor
27:02 Leather Archer Armor
26:58 Forging
27:14 Squires
28:03 Ballistics
27:40 Pikeman
29:11 Wheelbarrow
28:55 Bow Saw
36:54 Imperial Age
37:13 Arbalester
40:03 Chemistry
41:01 Bracer
42:31 Conscription
44:18 Ring Archer Armor
44:15 Town Watch
46:36 Gillnets
zeron
4:15 Loom
14:46 Feudal Age
19:12 Castle Age
31:54 Town Watch
35:23 Double-Bit Axe
38:22 Imperial Age
El sea
8:17 Loom
16:24 Feudal Age
17:10 Double-Bit Axe
19:14 Wheelbarrow
24:12 Town Watch
24:32 Stone Mining
25:55 Gold Mining
Avila1997
13:08 Loom
16:52 Feudal Age
20:39 Castle Age
19:05 Double-Bit Axe
21:31 Scale Mail Armor
21:41 Forging
27:59 Iron Casting
Connection lost

Rejoining the realm…

Still unreachable

The connection could not be restored.

Session expired

The server has moved on; the page needs a fresh start.